Map: Refinery XJ-17

Players

A.I. 1 (Elite) - Winner!

  • Race: Terran Terran
  • Spawn Location: 5:00

A.I. 2 (Elite) - Winner!

  • Race: Protoss Protoss
  • Spawn Location: 3:00

A.I. 3 (Elite) - Winner!

  • Race: Protoss Protoss
  • Spawn Location: 0:00

A.I. 4 (Elite)

  • Race: Terran Terran
  • Spawn Location: 6:00

A.I. 5 (Elite)

  • Race: Terran Terran
  • Spawn Location: 6:00

A.I. 6 (Elite)

  • Race: Zerg Zerg
  • Spawn Location: 7:00

A.I. 7 (Elite)

  • Race: Protoss Protoss
  • Spawn Location: 7:00

A.I. 8 (Elite) - Winner!

  • Race: Terran Terran
  • Spawn Location: 0:00

VOD

Have the link to the VOD?

Description

Time

  • Played on: Sept. 14, 2017, 1:06 p.m.
  • Length: 132:44
Show
View Real Time Build Order
Export as new Build Order

A.I. 1 (Elite) Terran - Winner!

Build Orders: MMM Bio 

Get SALT Encoding   

  12  0:01  SCV  
  13  0:13  SCV  
  14  0:19  Supply Depot  
  14  0:25  SCV  
  15  0:40  SCV  
  16  0:47  Barracks  
  16  0:53  SCV  
  17  1:05  SCV  
  18  1:12  Refinery  
  18  1:15  Supply Depot  
  18  1:17  SCV  
  19  1:29  SCV  
  20  1:35  Marine  
  21  1:44  Command Center  
  21  2:10  SCV  
  21  2:12  Barracks  
  21  2:15  Marine  
  23  2:17  Factory  
  23  2:23  SCV  
  23  2:27  Supply Depot  
  24  2:34  Marine  
  24  2:35  SCV  
  26  2:47  SCV  
  27  2:52  Marine  
  28  2:59  SCV  
  28  3:01  Factory Tech Lab, Orbital Command  
  29  3:09  Refinery  
  29  3:16  Orbital Command  
  29  3:18  Marine  
  30  3:21  Marine  
  31  3:27  SCV  
  32  3:36  Marine  
  32  3:39  SCV, Marine  
  35  3:42  SCV  
  36  3:51  SCV  
  36  3:53  Barracks  
  36  3:54  SCV, Marine  
  39  3:58  Barracks Tech Lab  
  39  4:03  SCV  
  39  4:06  SCV, Starport  
  41  4:13  Barracks Tech Lab  
  41  4:15  SCV  
  42  4:17  Marine  
  42  4:18  SCV  
  42  4:21  Stimpack  
  44  4:25  Supply Depot  
  44  4:27  SCV  
  44  4:30  SCV  
  44  4:31  Marine  
  47  4:35  Marine  
  48  4:39  Marine  
  48  4:40  SCV  
  48  4:43  Medivac  
  52  4:47  SCV  
  52  4:49  Marine  
  52  4:52  Supply Depot, SCV  
  55  4:53  Combat Shields, Marine  
  55  4:56  Supply Depot  
  55  4:57  Marine  
  57  5:02  SCV  
  57  5:06  SCV, Marine  
  60  5:08  Refinery  
  60  5:11  Marauder  
  62  5:14  SCV  
  62  5:16  Refinery  
  62  5:18  SCV  
  64  5:25  Marauder  
  64  5:26  SCV  
  67  5:31  SCV  
  67  5:32  Barracks Reactor, Marauder, Engineering Bay  
  70  5:37  Supply Depot  
  70  5:39  SCV  
  71  5:43  SCV  
  71  5:46  Marauder  
  71  5:48  Engineering Bay  
  74  5:54  SCV  
  75  5:57  SCV  
  75  5:58  Terran Infantry Armor Level 1  
  75  6:03  Supply Depot, Marauder  
  78  6:05  Command Center  
  78  6:06  SCV  
  78  6:07  Medivac, Marauder  
  78  6:10  SCV  
  84  6:14  Terran Infantry Weapons Level 1  
  84  6:18  SCV  
  85  6:24  Missile Turret  
  85  6:25  Marauder  
  87  6:29  Missile Turret  
  87  6:30  Marauder  
  87  6:32  Concussive Shells  
  89  6:37  Medivac  
  91  6:40  Barracks  
  91  6:42  Marine  
  91  6:44  Supply Depot  
  91  6:47  Marauder  
  94  7:05  Missile Turret  
  94  7:06  Marauder  
  94  7:07  Medivac  
  100  7:08  Marauder  
  100  7:10  Supply Depot  
  100  7:18  Marine  
  100  7:20  SCV  
  100  7:22  SCV  
  103  7:24  SCV  
  103  7:25  Factory  
  103  7:27  Marauder  
  106  7:31  Marine  
  106  7:32  SCV  
  106  7:33  Refinery  
  106  7:34  SCV  
  109  7:37  Viking  
  109  7:41  SCV  
  112  7:44  SCV  
  112  7:48  SCV  
  112  7:49  Marauder  
  116  7:53  SCV, Marauder  
  116  7:56  SCV  
  116  7:58  Missile Turret  
  120  8:06  SCV, Orbital Command  
  120  8:08  Starport Tech Lab  
  120  8:10  Marauder  
  123  8:23  Missile Turret  
  123  8:26  Raven  
  125  8:27  Supply Depot  
  125  8:28  High Capacity Fuel Tanks  
  125  8:30  Refinery  
  125  8:31  Hi-Sec Auto Tracking  
  125  8:47  Factory Tech Lab  
  125  8:49  SCV  
  125  8:52  SCV  
  125  8:54  Armory, Marauder  
  131  8:55  Marauder  
  131  8:57  SCV  
  131  8:58  Supply Depot  
  131  9:02  Marine, SCV  
  117  9:04  Marine  
  117  9:06  Marine  
  117  9:07  SCV  
  117  9:08  Starport  
  91  9:15  Marine  
  91  9:16  Marine  
  91  9:19  Siege Tank  
  91  9:20  Siege Tank  
  91  9:22  Marine  
  96  9:28  Viking  
  96  9:29  Marine  
  99  9:34  Marine  
  99  9:37  Liberator  
  99  9:38  Marine  
  101  9:40  Missile Turret  
  101  9:42  Marine  
  101  9:44  Supply Depot, Marine  
  102  9:47  Marine  
  103  9:53  Marauder  
  103  9:56  Marine  
  103  9:58  Hellion  
  103  9:59  Hellion  
  111  10:00  Missile Turret  
  111  10:02  Marine  
  111  10:05  Marine  
  113  10:07  Marine  
  113  10:13  Viking, Marine  
  117  10:19  Marine  
  118  10:21  Supply Depot  
  118  10:22  Marine  
  118  10:24  Marine  
  118  10:26  Liberator, Marine  
  121  10:31  Hellion  
  121  10:32  Marauder  
  121  10:33  Missile Turret  
  125  10:36  Siege Tank  
  125  10:37  Starport Reactor, Marauder  
  130  10:49  Armory  
  133  10:53  Marauder  
  133  10:55  Supply Depot  
  135  10:58  Marauder  
  137  11:09  Marine  
  138  11:12  Marine  
  138  11:14  Marine  
  138  11:15  Marauder  
  142  11:19  Terran Infantry Armor Level 2  
  142  11:20  Marauder  
  144  11:26  Supply Depot  
  144  11:30  Hellion  
  144  11:32  Hellion  
  147  11:36  Viking, Marauder  
  147  11:38  Marine  
  152  11:40  Viking  
  152  11:41  Missile Turret  
  152  11:43  Marauder  
  156  11:49  Marine  
  157  11:54  Siege Tank  
  157  11:56  Siege Tank  
  157  11:57  Marauder  
  163  12:03  Missile Turret  
  163  12:05  Marauder  
  163  12:06  Raven  
  167  12:10  Supply Depot  
  162  12:19  Marauder  
  160  12:26  Siege Tank, Marauder  
  160  12:34  Marine  
  160  12:36  Marine  
  153  12:37  Missile Turret  
  153  12:38  Marine  
  153  12:41  Marine  
  153  12:43  Supply Depot, Siege Tank  
  157  12:47  Marine  
  158  12:52  Marine  
  158  12:55  Marine  
  160  12:58  Marine  
  160  12:59  Marauder  
  160  13:00  Liberator, Widow Mine  
  160  13:05  Marine  
  166  13:11  Marine  
  167  13:13  Supply Depot, Marine  
  167  13:15  Widow Mine  
  167  13:19  Liberator  
  173  13:20  Marauder  
  173  13:21  Marine  
  173  13:26  Marine  
  177  13:29  Cyclone  
  180  13:40  Marine  
  182  13:41  Supply Depot  
  182  13:44  Marine  
  182  13:46  Cyclone  
  182  13:47  Marine  
  182  13:48  Ghost Academy  
  186  13:49  Medivac  
  186  13:51  Marine  
  186  13:53  Marine  
  186  13:54  Unknown  
  186  14:00  Medivac  
  186  14:01  Marine, Hellion  
  191  14:05  Marine, Marauder  
  194  14:15  Marine  
  195  14:18  Marine, Siege Tank  
  199  14:33  Ghost  
  199  14:41  Terran Vehicle Weapons Level 1  
  199  14:43  Terran Vehicle And Ship Armor Level 1  
  199  14:46  Terran Infantry Armor Level 3  
  199  14:54  Terran Infantry Weapons Level 2  
  199  15:52  Barracks  
  199  15:53  Barracks Tech Lab  
  198  16:06  Marauder  
  198  16:09  Missile Turret  
  200  16:17  Marauder  
  198  16:19  Marauder  
  198  16:25  Widow Mine  
  195  16:26  Ghost  
  195  16:27  Siege Tank  
  200  16:40  Terran Vehicle Weapons Level 2  
  200  16:45  Terran Vehicle And Ship Armor Level 2  
  200  16:58  Personal Cloaking  
  200  17:12  Terran Infantry Weapons Level 3  
  200  17:40  Liberator  
  200  17:43  Building Armor  
  200  17:48  Widow Mine  
  200  18:02  Marine  
  200  18:18  Marine  
  200  18:24  Widow Mine  
  200  18:29  Nuke  
  200  18:44  Command Center  
  200  18:58  Terran Vehicle Weapons Level 3  
  200  19:04  Terran Vehicle And Ship Armor Level 3  
Show
View Real Time Build Order
Export as new Build Order

A.I. 2 (Elite) Protoss - Winner!

Build Orders: Zealot Archon 

Get SALT Encoding   

  12  0:01  Probe (Chrono Boost)  
  13  0:11  Probe (Chrono Boost)  
  14  0:21  Pylon  
  14  0:22  Probe (Chrono Boost)  
  15  0:39  Probe (Chrono Boost)  
  16  0:48  Assimilator  
  17  0:50  Probe (Chrono Boost)  
  17  0:51  Gateway  
  17  1:00  Probe (Chrono Boost)  
  17  1:02  Pylon  
  18  1:11  Probe (Chrono Boost)  
  19  1:21  Probe (Chrono Boost)  
  20  1:32  Probe (Chrono Boost)  
  21  1:37  Zealot  
  23  1:40  Cybernetics Core  
  23  1:43  Probe (Chrono Boost)  
  25  1:55  Probe (Chrono Boost)  
  25  2:06  Nexus  
  25  2:19  Gateway  
  25  2:27  Warp Gate  
  25  2:28  Zealot  
  25  2:29  Pylon  
  27  2:32  Probe (Chrono Boost)  
  29  2:44  Assimilator  
  29  2:45  Probe (Chrono Boost)  
  29  2:54  Adept  
  29  2:56  Probe (Chrono Boost)  
  32  3:06  Adept  
  32  3:07  Probe (Chrono Boost)  
  32  3:10  Pylon  
  35  3:18  Stalker  
  35  3:19  Probe (Chrono Boost)  
  36  3:21  Probe (Chrono Boost)  
  39  3:31  Probe (Chrono Boost)  
  39  3:32  Probe (Chrono Boost)  
  41  3:42  Probe (Chrono Boost)  
  41  3:44  Adept  
  41  3:45  Robotics Facility  
  44  3:50  Probe (Chrono Boost)  
  44  3:55  Adept, Probe (Chrono Boost)  
  46  4:01  Probe (Chrono Boost)  
  49  4:07  Probe (Chrono Boost)  
  49  4:09  Adept  
  50  4:13  Probe (Chrono Boost)  
  53  4:18  Probe (Chrono Boost)  
  53  4:20  Pylon  
  53  4:23  Probe (Chrono Boost)  
  55  4:29  Probe (Chrono Boost)  
  56  4:31  Immortal, Stalker  
  62  4:40  Pylon, Probe (Chrono Boost)  
  62  4:41  Probe (Chrono Boost)  
  62  4:44  Stalker  
  66  4:52  Probe x2 (Chrono Boost)  
  68  4:58  Robotics Facility, Stalker  
  70  5:07  Immortal  
  70  5:09  Probe (Chrono Boost)  
  70  5:11  Probe (Chrono Boost)  
  76  5:21  Pylon  
  76  5:23  Pylon  
  76  5:25  Sentry  
  78  5:32  Twilight Council  
  78  5:34  Assimilator  
  78  5:40  Probe (Chrono Boost)  
  78  5:41  Assimilator, Probe (Chrono Boost)  
  80  5:52  Gateway  
  80  5:59  Pylon, Probe (Chrono Boost)  
  80  6:00  Probe (Chrono Boost)  
  80  6:02  Zealot  
  84  6:10  Probe (Chrono Boost)  
  85  6:12  Templar Archives, Probe (Chrono Boost)  
  86  6:22  Forge  
  86  6:29  Forge  
  86  6:32  Stalker  
  88  6:37  Stalker  
  88  6:39  Pylon  
  90  6:43  Nexus  
  90  6:48  Stalker  
  92  6:54  High Templar  
  92  6:58  Sentry  
  96  7:03  Pylon  
  96  7:10  High Templar  
  96  7:11  Gateway  
  98  7:21  Observer, Warp Prism  
  98  7:22  Photon Cannon  
  99  7:23  Archon  
  99  7:24  Zealot  
  99  7:26  Stalker  
  99  7:27  Photon Cannon  
  105  7:34  Pylon  
  105  7:40  High Templar  
  105  7:41  Pylon  
  105  7:44  High Templar  
  109  7:45  Protoss Ground Weapons Level 1  
  109  7:48  Stalker  
  111  7:53  Warp Prism  
  113  7:59  Archon  
  113  8:02  Probe (Chrono Boost)  
  113  8:04  Probe (Chrono Boost)  
  116  8:06  Probe (Chrono Boost)  
  116  8:07  Stalker  
  116  8:11  Sentry  
  121  8:13  Stalker, Probe (Chrono Boost)  
  121  8:18  High Templar, Probe (Chrono Boost)  
  127  8:20  Probe (Chrono Boost)  
  127  8:22  Assimilator  
  127  8:25  Probe (Chrono Boost)  
  128  8:30  Probe (Chrono Boost)  
  128  8:31  Zealot  
  128  8:32  Photon Cannon  
  128  8:33  Zealot  
  133  8:36  Zealot, Probe (Chrono Boost)  
  133  8:39  Probe (Chrono Boost)  
  133  8:40  Photon Cannon  
  138  8:41  Probe (Chrono Boost)  
  139  8:48  Probe (Chrono Boost)  
  139  8:50  Pylon, Zealot  
  139  8:51  Zealot  
  139  8:52  Assimilator  
  139  8:53  Zealot, Probe (Chrono Boost)  
  146  8:55  Zealot  
  148  9:06  Nexus  
  149  9:10  Probe (Chrono Boost)  
  149  9:11  High Templar  
  149  9:13  Zealot  
  149  9:16  Zealot  
  155  9:17  Pylon  
  155  9:18  Zealot  
  157  9:38  Probe (Chrono Boost)  
  157  9:39  Probe (Chrono Boost)  
  157  9:40  Archon  
  157  9:41  Probe (Chrono Boost)  
  157  9:43  Zealot  
  157  9:45  Zealot  
  163  9:47  Zealot  
  163  9:48  Observer, Pylon  
  163  9:51  Zealot  
  154  9:55  Immortal  
  154  10:03  Zealot  
  156  10:07  Immortal  
  156  10:08  Zealot  
  156  10:11  Stalker  
  164  10:15  Pylon  
  164  10:19  Nexus  
  163  10:23  Archon  
  163  10:25  High Templar  
  163  10:30  Stalker  
  163  10:32  Observer, Sentry  
  159  10:38  High Templar  
  151  10:43  Immortal  
  151  10:44  Pylon  
  153  10:51  Stalker  
  153  10:55  Zealot  
  153  10:57  Stalker  
  153  11:00  Immortal, Photon Cannon  
  159  11:10  Zealot  
  161  11:11  Pylon  
  161  11:13  Stalker  
  161  11:15  Sentry  
  165  11:18  Adept  
  167  11:40  Probe (Chrono Boost)  
  167  11:44  Probe (Chrono Boost)  
  169  11:48  Probe (Chrono Boost)  
  169  11:52  Probe (Chrono Boost)  
  169  11:53  Zealot  
  169  11:54  Observer, Assimilator  
  172  11:58  Zealot  
  175  12:01  Zealot  
  175  12:04  Zealot  
  179  12:10  Immortal  
  179  12:12  Zealot  
  179  12:13  Immortal  
  181  12:20  Zealot  
  179  12:23  Pylon  
  179  12:27  Zealot  
  179  12:28  Assimilator  
  179  12:29  Adept  
  183  12:32  Zealot  
  175  12:39  Stalker  
  177  12:44  Immortal  
  177  12:48  Immortal  
  181  12:54  Stalker  
  181  12:56  Adept  
  189  12:59  Stalker  
  189  13:01  Sentry  
  193  13:15  Zealot  
  195  13:22  Sentry  
  195  13:24  Stalker  
  195  13:27  Zealot  
  195  13:29  Observer  
  195  13:31  Observer  
  192  13:38  Sentry  
  192  13:40  Photon Cannon  
  178  13:48  High Templar  
  178  13:50  Observer, Stalker  
  178  13:51  Gateway  
  178  13:54  Adept  
  185  14:01  Stalker  
  185  14:04  Pylon  
  185  14:12  Adept  
  185  14:13  Immortal  
  187  14:19  Zealot  
  187  14:20  Sentry  
  187  14:22  Stalker  
  197  14:34  High Templar  
  197  14:37  Photon Cannon  
  199  14:45  Photon Cannon  
  199  14:53  Photon Cannon  
  199  15:04  Gateway  
  199  15:11  Robotics Facility  
  199  15:31  Photon Cannon  
  199  15:52  Zealot  
  199  15:53  Observer  
  195  15:58  Zealot  
  195  16:02  Zealot  
  193  16:06  Probe (Chrono Boost)  
  193  16:07  Observer  
  178  16:13  Probe (Chrono Boost)  
  178  16:15  Zealot, Probe (Chrono Boost)  
  173  16:18  Probe (Chrono Boost)  
  173  16:19  Zealot  
  173  16:21  Zealot  
  173  16:22  Zealot  
  173  16:24  Zealot  
  172  16:26  Stalker  
  172  16:34  Sentry  
  172  16:41  Sentry  
  172  16:43  Zealot  
  172  16:45  Pylon, Sentry  
  176  16:47  Adept  
  176  16:50  Sentry  
  176  16:56  Adept  
  176  16:59  Immortal  
  172  17:02  Nexus  
  172  17:03  Zealot  
  172  17:06  Zealot  
  172  17:07  Assimilator  
  170  17:08  Adept  
  170  17:11  Zealot  
  170  17:13  Zealot  
  170  17:14  Assimilator  
  174  17:15  Zealot  
  174  17:22  Sentry  
  178  17:26  Stalker  
  180  17:30  Stalker  
  180  17:35  Stalker  
  184  17:38  Stargate  
  184  17:41  Stalker  
  184  17:44  Zealot  
  188  17:46  Stalker  
  188  17:49  High Templar  
  192  17:53  Zealot  
  192  17:58  Zealot  
  194  18:04  Sentry  
  196  18:07  Adept  
  196  18:09  Zealot  
  200  18:12  Photon Cannon  
  200  18:34  Psionic Storm  
  200  18:41  Protoss Ground Weapons Level 2  
  200  18:42  Protoss Shields Level 1  
  200  18:50  Charge  
  200  18:56  Pylon  
  200  19:36  High Templar  
Show
View Real Time Build Order
Export as new Build Order

A.I. 3 (Elite) Protoss - Winner!

Build Orders: 1 Gate Expand, Zealot Archon 

Get SALT Encoding   

  12  0:01  Probe (Chrono Boost)  
  13  0:11  Probe (Chrono Boost)  
  14  0:22  Pylon, Probe (Chrono Boost)  
  15  0:41  Probe (Chrono Boost)  
  16  0:51  Probe (Chrono Boost)  
  16  0:52  Gateway  
  17  1:02  Probe (Chrono Boost)  
  18  1:09  Assimilator  
  18  1:12  Probe (Chrono Boost)  
  18  1:13  Pylon  
  19  1:23  Probe (Chrono Boost)  
  20  1:33  Nexus  
  20  1:47  Cybernetics Core  
  20  1:50  Probe (Chrono Boost)  
  20  1:54  Zealot  
  23  2:11  Gateway, Probe (Chrono Boost)  
  24  2:22  Probe (Chrono Boost)  
  25  2:23  Pylon  
  25  2:26  Warp Gate  
  25  2:27  Zealot  
  27  2:33  Probe (Chrono Boost)  
  28  2:44  Assimilator  
  29  2:45  Probe (Chrono Boost)  
  29  2:47  Probe (Chrono Boost)  
  30  2:52  Adept  
  30  2:57  Adept  
  32  3:04  Probe (Chrono Boost)  
  35  3:12  Probe (Chrono Boost)  
  36  3:13  Pylon  
  36  3:16  Stalker  
  38  3:23  Stalker  
  40  3:29  Probe (Chrono Boost)  
  41  3:40  Probe (Chrono Boost)  
  42  3:43  Gateway  
  42  3:45  Stalker  
  45  3:48  Probe (Chrono Boost)  
  45  3:52  Stalker  
  47  3:57  Probe (Chrono Boost)  
  47  4:00  Probe (Chrono Boost)  
  49  4:09  Probe (Chrono Boost)  
  50  4:12  Stalker, Probe (Chrono Boost)  
  53  4:20  Probe (Chrono Boost)  
  53  4:21  Stalker  
  53  4:23  Probe (Chrono Boost)  
  58  4:31  Probe (Chrono Boost)  
  58  4:34  Probe (Chrono Boost)  
  59  4:39  Pylon, Stalker  
  59  4:42  Probe (Chrono Boost)  
  62  4:46  Pylon  
  62  4:57  Stalker  
  62  4:58  Probe x2 (Chrono Boost)  
  62  4:59  Stalker  
  68  5:04  Stalker  
  70  5:09  Probe (Chrono Boost)  
  70  5:10  Probe (Chrono Boost)  
  70  5:13  Pylon  
  72  5:19  Stalker  
  76  5:21  Probe x2 (Chrono Boost)  
  76  5:22  Stalker  
  76  5:23  Pylon  
  78  5:31  Stalker  
  78  5:33  Pylon, Probe x2 (Chrono Boost)  
  82  5:42  Stalker  
  84  5:44  Stalker, Probe x2 (Chrono Boost)  
  88  5:53  Stalker, Twilight Council  
  88  5:56  Probe (Chrono Boost)  
  91  6:04  Zealot  
  91  6:07  Pylon, Sentry  
  91  6:10  Assimilator  
  94  6:14  Assimilator  
  94  6:35  Pylon  
  94  6:37  Templar Archives, Probe (Chrono Boost)  
  95  6:42  Forge  
  95  6:49  Forge  
  95  7:00  Pylon  
  95  7:07  Nexus  
  95  7:09  Sentry  
  95  7:13  High Templar  
  99  7:16  High Templar  
  99  7:22  Robotics Facility  
  101  7:27  Photon Cannon  
  101  7:31  Archon  
  101  7:32  Zealot  
  101  7:34  Gateway  
  103  7:40  Pylon  
  103  7:44  High Templar  
  105  7:47  High Templar  
  107  7:57  Protoss Ground Weapons Level 1  
  107  8:01  Archon  
  107  8:05  Photon Cannon  
  107  8:07  Warp Prism  
  107  8:11  High Templar, Photon Cannon  
  111  8:17  Photon Cannon  
  111  8:24  Probe (Chrono Boost)  
  111  8:25  Probe x2 (Chrono Boost)  
  111  8:26  High Templar  
  116  8:29  Zealot  
  116  8:30  Zealot  
  120  8:36  Probe (Chrono Boost)  
  120  8:38  Probe (Chrono Boost)  
  121  8:43  Observer  
  121  8:44  Zealot  
  121  8:48  Probe (Chrono Boost)  
  121  8:49  Zealot  
  121  8:50  Probe (Chrono Boost)  
  121  8:51  Zealot, Assimilator  
  122  8:59  Probe (Chrono Boost)  
  122  9:00  Warp Prism  
  122  9:02  Zealot  
  125  9:04  Zealot  
  125  9:07  Probe (Chrono Boost)  
  130  9:11  Zealot  
  132  9:24  Pylon  
  131  9:37  Probe (Chrono Boost)  
  131  9:38  Zealot  
  134  9:41  Gateway  
  134  9:45  Immortal  
  134  9:50  Probe (Chrono Boost)  
  130  9:53  Adept, Probe (Chrono Boost)  
  130  9:56  Zealot  
  130  9:58  Zealot  
  122  10:00  Adept  
  106  10:14  Adept  
  106  10:15  Pylon  
  106  10:16  Zealot  
  106  10:18  Zealot  
  113  10:22  Stalker, Probe (Chrono Boost)  
  113  10:24  Immortal  
  113  10:25  Probe (Chrono Boost)  
  121  10:36  Sentry, Probe (Chrono Boost)  
  121  10:38  Zealot  
  121  10:41  Zealot  
  127  10:43  Stalker  
  127  10:45  Adept  
  123  10:57  Zealot  
  123  10:59  Sentry  
  123  11:01  Immortal  
  123  11:02  Stalker  
  129  11:07  Stalker  
  129  11:09  Zealot  
  133  11:16  Zealot  
  133  11:18  Pylon  
  135  11:21  Stalker  
  137  11:30  Stalker  
  137  11:32  Sentry  
  139  11:34  Adept  
  139  11:37  High Templar  
  139  11:38  Immortal  
  139  11:43  Stalker  
  136  11:51  Pylon  
  134  11:54  Stalker  
  134  11:57  Zealot  
  134  11:59  Zealot  
  140  12:08  Zealot  
  140  12:10  Zealot  
  140  12:11  Nexus  
  144  12:16  Observer  
  144  12:17  Assimilator  
  145  12:24  Zealot  
  145  12:29  Zealot  
  149  12:31  Pylon  
  149  12:36  Stalker  
  151  12:40  Sentry  
  153  13:10  Pylon  
  153  13:14  Stalker  
  155  13:21  Stalker  
  157  13:31  Adept  
  159  13:35  Sentry  
  159  13:36  Observer  
  162  13:46  Sentry  
  164  13:54  Observer  
  164  13:55  Pylon  
  164  14:20  Photon Cannon  
  164  14:33  Photon Cannon  
  164  14:44  Gateway  
  164  14:58  Pylon  
  164  15:05  Robotics Facility  
  164  15:12  Zealot  
  166  15:14  Zealot  
  166  15:15  Zealot  
  166  15:17  Immortal, Zealot  
  166  15:18  Zealot  
  175  15:32  Zealot  
  166  15:48  Immortal  
  164  15:51  Immortal  
  166  16:22  Immortal  
  170  17:26  Photon Cannon  
  170  18:28  Stalker  
  172  18:34  Stalker  
  172  18:40  Adept  
  176  18:44  Sentry  
  176  18:47  High Templar  
  180  18:53  High Templar  
  182  18:57  Stalker  
  184  19:06  Stalker  
  186  19:14  Stalker  
  186  19:16  Protoss Shields Level 1  
  188  19:17  Archon  
  188  19:19  Protoss Ground Armor Level 1  
  188  19:20  Assimilator  
  188  19:21  Psionic Storm  
  188  19:24  Nexus  
Show
View Real Time Build Order
Export as new Build Order

A.I. 4 (Elite) Terran 

Build Orders: MMM Bio 

Get SALT Encoding   

  12  0:01  SCV  
  13  0:13  SCV  
  14  0:20  Supply Depot  
  14  0:25  SCV  
  15  0:41  SCV  
  16  0:44  Barracks  
  16  0:53  SCV  
  17  1:05  SCV  
  18  1:17  SCV  
  19  1:19  Supply Depot  
  19  1:23  Refinery  
  19  1:30  SCV  
  20  1:33  Marine  
  21  1:42  SCV  
  22  1:51  Marine  
  22  1:54  SCV  
  24  1:56  Barracks  
  24  1:58  Refinery  
  24  2:06  Supply Depot, Orbital Command  
  24  2:08  Marine  
  25  2:26  Marine  
  26  2:32  SCV  
  28  2:44  Marine, SCV  
  29  2:56  Command Center  
  29  3:05  SCV  
  29  3:08  Marine  
  29  3:09  Factory  
  29  3:11  Marine  
  32  3:18  SCV  
  33  3:26  Marine  
  34  3:29  Marine  
  34  3:30  SCV  
  36  3:42  SCV  
  37  3:52  Factory Tech Lab  
  37  3:54  SCV  
  38  4:06  SCV, Starport  
  38  4:08  Supply Depot, Marine x2  
  38  4:09  SCV  
  42  4:18  SCV  
  42  4:21  SCV  
  44  4:26  Marine x2  
  44  4:27  Siege Tank  
  44  4:30  SCV  
  50  4:34  SCV  
  51  4:41  Supply Depot  
  51  4:42  SCV  
  51  4:43  Marine  
  51  4:44  Marine  
  51  4:45  Starport Tech Lab  
  54  4:46  SCV  
  55  4:54  SCV  
  55  4:55  Supply Depot  
  55  4:58  SCV  
  57  5:03  Barracks Tech Lab  
  57  5:06  SCV  
  58  5:10  SCV  
  59  5:22  Marauder  
  59  5:24  Stimpack  
  59  5:26  Orbital Command  
  61  5:35  Command Center  
  61  5:44  Marauder  
  63  5:57  Engineering Bay  
  63  5:58  Siege Tank  
  66  6:05  Marauder  
  66  6:06  Supply Depot  
  68  6:24  Engineering Bay  
  68  6:26  Marauder  
  68  6:30  Siege Tank  
  73  6:36  Barracks, Barracks Tech Lab  
  73  6:38  Medivac  
  75  6:40  Supply Depot  
  75  6:48  Marauder  
  77  6:54  Marine  
  77  6:55  Refinery  
  78  7:01  Refinery  
  78  7:07  Terran Infantry Weapons Level 1  
  78  7:08  Terran Infantry Armor Level 1, Medivac, Orbital Command  
  80  7:09  Combat Shields, Marauder  
  80  7:13  Marauder  
  80  7:15  Missile Turret  
  84  7:19  Missile Turret  
  84  7:24  Barracks Reactor  
  84  7:31  Command Center, Marauder  
  86  7:38  Medivac  
  86  7:39  SCV  
  86  7:42  Concussive Shells  
  86  7:43  Marauder  
  91  7:52  Marauder  
  93  8:02  Marine  
  93  8:03  Marine  
  93  8:04  Barracks, Marauder  
  97  8:08  Medivac  
  97  8:11  Supply Depot  
  99  8:13  Marauder  
  99  8:19  Marine  
  101  8:22  Marine  
  101  8:26  Marauder  
  105  8:35  Marauder  
  105  8:38  Supply Depot, Viking  
  108  8:47  Marauder  
  110  8:56  Marauder  
  110  9:07  Supply Depot  
  110  9:09  Marauder  
  112  9:10  Viking  
  113  9:18  Marauder  
  113  9:20  Siege Tank  
  118  9:30  Marauder  
  120  9:36  Supply Depot  
  118  9:39  Marauder  
  118  9:40  Viking  
  118  9:45  Ghost Academy  
  107  9:46  Marine  
  107  9:49  Marine  
  107  9:52  Marine  
  82  9:54  Marine  
  63  10:00  Marine  
  63  10:04  Marine  
  65  10:07  Marine  
  65  10:10  Marine  
  65  10:13  Marine  
  68  10:18  Marauder  
  70  10:22  Marine  
  70  10:25  Marine  
  70  10:27  Ghost  
  74  10:31  Marine  
  75  10:39  Marauder  
  77  10:45  Viking  
  77  10:47  Marine  
  77  10:49  Marine  
  80  10:53  Marine  
  84  10:57  Marauder  
  84  11:00  Marine  
  85  11:15  Medivac  
  85  11:18  Ghost, Marauder  
  91  11:39  Marauder  
  93  11:45  Viking  
  95  11:47  Marauder  
  95  11:49  Marine  
  95  11:51  Marine  
  95  11:52  Marine  
  100  11:57  Siege Tank  
  100  12:00  Ghost  
  105  12:07  Marine  
  104  12:09  Marauder  
  104  12:15  Viking  
  95  12:18  Marine  
  95  12:22  Marine  
  58  12:25  Marine  
  58  12:29  Marine x2  
  54  12:30  Hellion  
  54  12:36  Marine  
  57  12:40  Marine  
  57  12:41  Factory  
  57  12:43  Marine  
  56  12:47  Marine x2  
  50  12:57  Marine  
  45  12:59  Siege Tank  
  43  13:06  Marine  
  36  13:17  SCV  
  33  13:27  Ghost Academy  
  28  13:38  Siege Tank  
  28  14:00  Barracks  
  26  14:10  Supply Depot, Siege Tank  
  26  14:20  Barracks  
  26  14:36  Supply Depot  
Show
View Real Time Build Order
Export as new Build Order

A.I. 5 (Elite) Terran 

Build Orders:  

Get SALT Encoding   

  12  0:01  SCV  
  13  0:13  SCV  
  14  0:20  Supply Depot  
  14  0:25  SCV  
  15  0:41  SCV  
  16  0:44  Barracks  
  16  0:53  SCV  
  17  1:06  SCV  
  18  1:18  SCV  
  19  1:19  Supply Depot  
  19  1:23  Refinery  
  19  1:30  SCV  
  20  1:33  Marine  
  21  1:42  SCV  
  22  1:51  Marine  
  23  1:54  Barracks, SCV  
  23  1:59  Refinery  
  24  2:05  Supply Depot  
  24  2:07  Orbital Command  
  24  2:09  Marine  
  25  2:26  Marine  
  26  2:32  SCV  
  27  2:44  Marine  
  27  2:45  SCV  
  27  2:49  Command Center  
  29  3:05  SCV  
  29  3:08  Factory  
  29  3:09  Marine  
  29  3:10  Marine  
  32  3:18  SCV  
  33  3:26  Marine  
  34  3:28  Marine  
  34  3:30  SCV  
  36  3:42  SCV  
  37  3:54  Factory Tech Lab, SCV  
  38  4:01  SCV  
  38  4:02  Marine, Starport  
  40  4:04  Marine  
  40  4:06  SCV  
  42  4:12  Supply Depot  
  42  4:13  SCV  
  43  4:18  SCV  
  43  4:19  Marine  
  43  4:22  Marine  
  46  4:24  Siege Tank  
  46  4:26  SCV  
  46  4:30  SCV  
  51  4:34  Supply Depot  
  51  4:37  Marine  
  51  4:38  SCV  
  53  4:40  Starport Tech Lab, Marine  
  53  4:42  SCV  
  55  4:50  SCV  
  55  4:52  Supply Depot  
  56  4:54  SCV  
  56  4:59  Siege Tank  
  60  5:02  SCV  
  60  5:06  SCV  
  62  5:07  Barracks Tech Lab  
  62  5:16  Orbital Command  
  62  5:26  Marauder  
  64  5:33  Command Center  
  64  5:37  Supply Depot  
  64  5:47  Marauder  
  65  5:58  Siege Tank  
  68  6:09  Marauder  
  68  6:10  Engineering Bay  
  70  6:20  Engineering Bay  
  70  6:26  Barracks  
  70  6:27  Barracks Tech Lab  
  70  6:28  Medivac  
  70  6:30  Marauder  
  74  6:34  Supply Depot  
  74  6:46  Marauder  
  76  6:48  SCV  
  76  6:50  SCV x2  
  76  6:51  Marine  
  80  6:54  Refinery  
  80  6:58  Medivac  
  80  7:00  SCV  
  80  7:01  Refinery  
  83  7:04  Combat Shields  
  83  7:05  Terran Infantry Weapons Level 1  
  83  7:06  Orbital Command  
  83  7:07  Terran Infantry Armor Level 1, Marauder  
  83  7:08  Stimpack  
  85  7:10  Marauder  
  85  7:13  Missile Turret  
  87  7:19  Missile Turret  
  87  7:22  Marine  
  88  7:23  Barracks  
  88  7:25  SCV  
  88  7:28  Medivac, Marauder  
  93  7:30  Marine  
  94  7:43  Supply Depot, Marine  
  95  7:49  Marine  
  95  7:50  Marauder  
  98  7:56  Missile Turret  
  98  7:58  Viking  
  98  8:02  Barracks Reactor  
  100  8:08  Marauder  
  100  8:10  Supply Depot  
  100  8:11  Marauder  
  104  8:21  Missile Turret  
  104  8:28  Raven  
  104  8:29  Marauder  
  104  8:32  Marauder  
  110  8:37  Supply Depot  
  109  8:50  Marauder  
  109  8:54  Marauder  
  111  8:57  Missile Turret  
  111  9:00  Marine  
  111  9:01  Marine  
  89  9:04  Marine  
  80  9:11  Viking  
  80  9:12  Marauder  
  80  9:15  Marauder  
  83  9:18  Marine  
  84  9:24  Marine  
  84  9:27  Marine  
  86  9:33  Marauder  
  86  9:37  Marauder  
  90  9:41  Viking  
  90  9:42  Marine  
  90  9:43  Marine  
  94  9:46  Marine  
  95  9:54  Marine  
  95  9:58  Ghost Academy, Marauder  
  98  10:00  Marine  
  98  10:02  Marine  
  100  10:07  Marine  
  100  10:11  Raven  
  100  10:12  Marine  
  104  10:17  Marine  
  104  10:19  Marauder  
  104  10:20  Marine  
  108  10:27  Marine  
  109  10:28  Supply Depot  
  109  10:30  Marauder  
  107  10:41  Marauder  
  107  10:42  Marine  
  87  10:48  Marine  
  77  10:50  Marine  
  77  10:51  Marine  
  69  11:00  Marine  
  69  11:01  Medivac  
  69  11:02  Marine  
  71  11:07  Marine  
  71  11:09  Marine x2  
  74  11:18  Marine  
  75  11:19  Ghost  
  77  11:27  Ghost  
  77  11:31  Viking  
  81  11:32  Marine  
  81  11:35  Marine  
  81  11:37  Marine  
  84  11:49  Marauder  
  84  11:50  Siege Tank  
  89  11:55  Ghost  
  91  12:01  Viking  
  93  12:10  Marauder  
  95  12:22  Marine, Siege Tank  
  97  12:24  Ghost  
  91  12:30  Marine  
  91  12:31  Marine, Marauder  
  72  12:40  Viking, Marine  
  65  12:51  Marine  
  66  12:52  Ghost, Marine  
  66  12:53  Marine  
  66  12:54  Siege Tank  
  66  12:58  Marine  
  72  13:08  Marine  
  72  13:10  Marine  
  72  13:11  Factory, Marauder  
  76  13:16  Marine  
  76  13:21  Ghost  
  76  13:26  Marine, Siege Tank  
  76  13:31  Marine  
  76  13:32  Marine  
  76  13:33  Marine  
  77  13:44  Marine  
  63  13:49  Marine  
  63  13:50  Marine x2  
  36  14:08  Marauder x2  
  30  14:15  SCV  
  30  14:16  SCV  
  8  14:27  SCV  
Show
View Real Time Build Order
Export as new Build Order

A.I. 6 (Elite) Zerg 

Build Orders: Pool First 

Get SALT Encoding   

  12  0:01  Drone  
  13  0:12  Overlord  
  13  0:18  Drone  
  14  0:31  Drone x2  
  14  0:34  Drone  
  17  0:48  Spawning Pool  
  16  0:50  Drone  
  17  1:12  Hatchery  
  17  1:16  Drone  
  17  1:19  Extractor  
  17  1:22  Drone  
  17  1:26  Extractor  
  17  1:28  Drone  
  17  1:33  Drone  
  17  1:39  Drone  
  19  1:49  Overlord  
  19  1:58  Queen  
  21  2:04  Zergling x2  
  22  2:11  Drone  
  23  2:23  Queen  
  25  2:30  Drone  
  25  2:35  Drone  
  27  2:39  Drone  
  27  2:43  Drone  
  29  2:58  Roach Warren  
  29  3:00  Drone  
  29  3:03  Drone  
  30  3:06  Zergling x2  
  30  3:09  Zergling x2  
  32  3:16  Overlord  
  32  3:19  Drone  
  33  3:22  Drone  
  34  3:38  Roach x2  
  34  3:39  Roach x2  
  42  3:47  Lair  
  42  3:51  Overlord  
  42  3:57  Overlord  
  42  4:00  Zergling x2  
  42  4:02  Zergling x2  
  45  4:10  Zergling x2, Drone  
  45  4:11  Drone  
  45  4:12  Drone  
  45  4:15  Drone  
  49  4:17  Drone  
  49  4:23  Overlord  
  50  4:27  Roach  
  50  4:29  Roach  
  54  4:33  Roach  
  54  4:37  Roach  
  58  4:40  Overlord  
  58  4:47  Drone, Hydralisk Den  
  58  4:50  Drone  
  58  4:51  Drone  
  60  4:55  Roach  
  60  4:58  Roach  
  64  5:02  Overlord  
  64  5:10  Drone  
  64  5:12  Drone  
  66  5:14  Drone  
  66  5:16  Drone, Hydralisk  
  66  5:18  Drone  
  71  5:21  Hydralisk  
  71  5:23  Drone  
  71  5:26  Hydralisk  
  76  5:29  Overlord  
  76  5:33  Hydralisk  
  78  5:37  Drone  
  78  5:39  Drone  
  78  5:41  Drone  
  82  5:42  Drone  
  82  5:45  Drone  
  82  5:46  Drone  
  82  5:48  Drone  
  85  5:52  Overlord  
  85  5:59  Infestation Pit  
  85  6:01  Drone  
  84  6:10  Baneling Nest  
  84  6:11  Ravager  
  84  6:13  Ravager, Drone  
  84  6:15  Evolution Chamber  
  84  6:16  Hydralisk  
  87  6:20  Overlord  
  87  6:23  Drone  
  88  6:26  Hydralisk  
  88  6:30  Evolution Chamber  
  89  6:32  Hatchery  
  89  6:36  Infestor  
  89  6:38  Drone  
  91  6:41  Zerg Missile Weapons Level 1  
  91  6:49  Extractor  
  91  6:54  Infestor  
  90  6:56  Zerg Ground Armor Level 1, Extractor  
  90  6:57  Baneling  
  90  6:58  Baneling  
  90  6:59  Drone  
  92  7:02  Baneling  
  92  7:07  Baneling  
  92  7:15  Drone  
  93  7:18  Drone  
  93  7:19  Overseer  
  93  7:20  Spine Crawler, Drone  
  93  7:22  Baneling  
  94  7:23  Drone  
  94  7:24  Baneling  
  94  7:26  Zergling x2  
  94  7:27  Overlord  
  94  7:28  Drone  
  97  7:30  Baneling  
  97  7:32  Spine Crawler, Drone  
  97  7:33  Baneling  
  97  7:34  Baneling  
  97  7:35  Baneling  
  97  7:36  Drone  
  98  7:38  Zergling x2  
  98  7:39  Zergling x2  
  100  7:46  Queen  
  100  7:48  Baneling  
  100  7:49  Drone  
  100  7:50  Drone  
  104  7:52  Drone  
  104  7:54  Drone  
  104  7:56  Drone  
  104  7:57  Drone  
  108  7:59  Overlord  
  108  8:01  Centrifical Hooks, Drone  
  108  8:02  Drone  
  108  8:03  Extractor, Hydralisk  
  108  8:04  Drone  
  112  8:08  Drone, Hydralisk  
  112  8:10  Extractor  
  112  8:11  Drone  
  115  8:13  Drone  
  115  8:14  Roach  
  115  8:15  Drone  
  115  8:17  Roach  
  115  8:19  Drone  
  122  8:20  Overlord  
  122  8:22  Drone  
  122  8:25  Drone  
  122  8:26  Roach  
  126  8:28  Drone  
  126  8:29  Roach  
  126  8:32  Glial Reconstitution  
  129  8:36  Overseer  
  129  8:37  Overlord  
  129  8:51  Drone  
  129  8:52  Infestor  
  129  8:56  Drone  
  129  8:58  Overlord  
  129  9:00  Drone  
  129  9:01  Zergling x2  
  127  9:03  Drone  
  127  9:04  Zergling x2  
  127  9:06  Drone  
  127  9:07  Zergling x2  
  127  9:08  Drone  
  124  9:10  Zergling x2  
  124  9:11  Zergling x2  
  124  9:13  Zergling x2  
  127  9:17  Zergling x2  
  127  9:18  Overlord  
  127  9:20  Zergling x2  
  127  9:22  Zergling x2  
  128  9:24  Zergling x2  
  128  9:26  Roach  
  128  9:28  Roach  
  128  9:30  Roach  
  127  9:32  Roach  
  127  9:35  Hive  
  127  9:36  Roach  
  127  9:38  Roach  
  133  9:39  Hydralisk  
  133  9:41  Roach  
  133  9:43  Hydralisk  
  133  9:45  Overlord  
  139  9:47  Roach  
  139  9:50  Roach  
  139  9:52  Roach  
  142  9:54  Hydralisk  
  142  9:57  Roach  
  142  9:59  Roach  
  143  10:01  Roach, Hydralisk  
  143  10:04  Zergling x2  
  143  10:05  Zergling x2  
  131  10:08  Roach  
  131  10:09  Overlord  
  131  10:11  Zergling x2  
  131  10:13  Zergling x2  
  121  10:14  Zergling x2  
  121  10:15  Zergling x2  
  121  10:18  Zergling x2  
  121  10:19  Zergling x2  
  121  10:20  Infestor  
  119  10:21  Zergling x2  
  119  10:23  Infestor  
  119  10:24  Zergling x2  
  123  10:30  Roach  
  123  10:31  Roach  
  123  10:33  Roach  
  123  10:35  Roach  
  131  10:37  Roach  
  131  10:39  Roach  
  131  10:40  Hydralisk  
  137  10:43  Roach  
  137  10:46  Roach  
  137  10:47  Hydralisk  
  143  10:50  Hydralisk  
  143  10:52  Overlord  
  143  10:54  Hydralisk  
  143  10:56  Hydralisk  
  141  10:58  Hydralisk  
  141  11:01  Roach  
  141  11:02  Roach  
  141  11:03  Roach  
  143  11:05  Roach  
  143  11:06  Hydralisk  
  143  11:08  Hydralisk  
  143  11:10  Roach  
  149  11:12  Hydralisk  
  149  11:13  Hydralisk  
  149  11:16  Hydralisk  
  149  11:18  Overlord  
  153  11:19  Hydralisk  
  153  11:21  Hydralisk  
  153  11:23  Hydralisk  
  159  11:26  Hydralisk  
  159  11:30  Hydralisk  
  160  11:34  Spore Crawler, Hydralisk  
  160  11:37  Overseer  
  153  11:40  Zergling x2  
  153  11:44  Roach  
  145  11:48  Roach  
  145  11:50  Roach  
  145  11:53  Overlord  
  130  11:55  Roach  
  130  11:56  Hydralisk  
  130  11:57  Hydralisk  
  130  11:59  Hydralisk  
  132  12:01  Zergling x2  
  132  12:03  Roach  
  132  12:04  Zergling x2  
  132  12:06  Roach  
  132  12:08  Roach  
  132  12:09  Hydralisk  
  132  12:10  Hydralisk  
  132  12:13  Roach  
  132  12:14  Hydralisk  
  135  12:16  Roach  
  135  12:18  Zergling x2  
  135  12:20  Roach  
  135  12:21  Roach  
  135  12:22  Hydralisk  
  127  12:26  Zergling x2  
  105  12:30  Roach  
  105  12:32  Infestor  
  105  12:37  Infestor  
  100  12:38  Roach  
  100  12:40  Zergling x2  
  100  12:41  Hydralisk  
  100  12:43  Zergling x2  
  101  12:45  Roach  
  101  12:47  Zergling x2  
  101  12:48  Zergling x2  
  101  12:49  Zergling x2  
  101  12:50  Baneling  
  96  12:52  Zergling x2  
  96  12:54  Zergling x2  
  96  12:56  Zergling x2  
  94  13:04  Roach  
  94  13:05  Zergling x2  
  95  13:07  Roach  
  95  13:10  Hydralisk  
  97  13:12  Zergling x2  
  97  13:17  Zergling x2  
  97  13:19  Zergling x2  
  91  13:21  Hydralisk  
  91  13:22  Zergling x2  
  91  13:23  Infestor  
  90  13:28  Zergling x2  
  90  13:29  Zergling x2  
  92  13:38  Zergling x2  
  92  13:39  Zergling x2  
  92  13:40  Roach  
  96  13:42  Roach  
  96  13:44  Roach  
  96  13:46  Roach  
  96  13:47  Roach  
  104  13:51  Roach  
  104  13:54  Roach  
  108  13:58  Roach, Evolution Chamber  
  109  14:03  Roach  
  109  14:09  Zergling x2  
  111  14:12  Roach  
  111  14:13  Roach  
  111  14:14  Hydralisk  
  111  14:15  Roach  
  117  14:17  Roach  
  117  14:18  Roach  
  117  14:19  Roach  
  117  14:22  Roach  
  125  14:27  Overseer  
  125  14:33  Roach  
  125  14:34  Hydralisk  
  125  14:36  Hydralisk  
  131  14:39  Hydralisk  
  131  14:41  Hydralisk  
  131  14:42  Hydralisk  
  131  14:44  Hydralisk  
  139  14:46  Hydralisk  
  139  14:47  Hydralisk  
  139  14:51  Hydralisk  
  145  14:54  Hydralisk  
  145  14:55  Hydralisk  
  145  14:56  Spine Crawler  
  148  15:00  Hydralisk  
  148  15:02  Hydralisk  
  148  15:03  Spine Crawler  
  148  15:06  Hydralisk  
  152  15:11  Hydralisk  
  152  15:12  Overlord  
  154  15:16  Hydralisk  
  154  15:17  Hydralisk  
  158  15:24  Baneling  
  158  15:25  Zergling x2  
  158  15:27  Baneling, Hydralisk  
  161  15:31  Baneling, Ultralisk Cavern  
  161  15:32  Overlord  
  161  15:34  Zergling x2  
  161  15:40  Overseer  
  161  15:42  Spire, Overseer  
  160  15:48  Baneling  
  160  15:50  Baneling  
  160  15:53  Zergling x2  
  161  16:02  Roach  
  162  16:05  Zergling x2  
  162  16:07  Overlord  
  162  16:09  Zergling x2  
  160  16:12  Zergling x2  
  160  16:15  Baneling  
  160  16:17  Baneling  
  135  16:20  Zergling x2  
  135  16:22  Ultralisk  
  135  16:25  Roach  
  82  16:29  Baneling  
  82  16:31  Roach  
  84  16:33  Roach  
  84  16:36  Roach  
  84  16:37  Roach  
  84  16:39  Roach  
  89  16:40  Hydralisk  
  89  16:42  Pneumatized Carapace  
  89  16:46  Hydralisk  
  87  16:48  Infestor  
  82  16:54  Zergling x2  
  82  16:58  Zergling x2  
  76  17:06  Roach  
  51  17:20  Queen  
  50  17:31  Zergling x2  
  43  18:03  Spawning Pool  
  34  18:46  Hydralisk Den  
  31  18:52  Zergling x2, Queen  
  31  18:54  Zergling x2, Overseer  
  28  18:59  Roach Warren  
  17  19:10  Drone  
Show
View Real Time Build Order
Export as new Build Order

A.I. 7 (Elite) Protoss 

Build Orders:  

Get SALT Encoding   

  12  0:01  Probe (Chrono Boost)  
  13  0:12  Probe (Chrono Boost)  
  14  0:21  Pylon  
  14  0:22  Probe (Chrono Boost)  
  15  0:40  Probe (Chrono Boost)  
  16  0:48  Assimilator  
  16  0:50  Probe (Chrono Boost)  
  16  0:52  Gateway  
  17  1:01  Pylon, Probe (Chrono Boost)  
  19  1:11  Probe (Chrono Boost)  
  19  1:22  Probe (Chrono Boost)  
  21  1:33  Probe (Chrono Boost)  
  21  1:38  Zealot  
  21  1:44  Probe (Chrono Boost)  
  24  1:55  Cybernetics Core, Probe (Chrono Boost)  
  25  2:05  Nexus  
  25  2:18  Gateway  
  25  2:26  Pylon  
  25  2:27  Warp Gate  
  25  2:28  Zealot  
  27  2:32  Probe (Chrono Boost)  
  28  2:44  Assimilator, Probe (Chrono Boost)  
  29  2:53  Adept  
  29  2:55  Probe (Chrono Boost)  
  32  3:04  Adept  
  34  3:07  Probe (Chrono Boost)  
  35  3:13  Pylon  
  35  3:18  Probe x2 (Chrono Boost)  
  37  3:25  Gateway  
  37  3:30  Probe (Chrono Boost)  
  37  3:32  Adept  
  40  3:36  Probe (Chrono Boost)  
  40  3:39  Adept  
  43  3:44  Probe (Chrono Boost)  
  43  3:48  Probe (Chrono Boost)  
  46  3:56  Probe (Chrono Boost)  
  46  3:57  Adept  
  46  4:00  Probe (Chrono Boost)  
  49  4:05  Adept  
  49  4:08  Probe (Chrono Boost)  
  52  4:10  Adept  
  52  4:11  Probe (Chrono Boost)  
  55  4:19  Pylon, Probe (Chrono Boost)  
  55  4:23  Probe (Chrono Boost)  
  57  4:28  Pylon  
  57  4:30  Probe (Chrono Boost)  
  58  4:33  Stalker  
  58  4:34  Probe (Chrono Boost)  
  61  4:40  Stalker  
  61  4:42  Probe (Chrono Boost)  
  61  4:45  Stalker, Probe (Chrono Boost)  
  67  4:49  Twilight Council  
  67  4:54  Probe (Chrono Boost)  
  67  4:55  Pylon  
  67  4:57  Stalker, Probe (Chrono Boost)  
  71  5:01  Stalker  
  71  5:05  Probe (Chrono Boost)  
  71  5:07  Sentry  
  76  5:11  Probe (Chrono Boost)  
  77  5:16  Probe (Chrono Boost)  
  77  5:21  Pylon  
  78  5:28  Assimilator  
  78  5:31  Templar Archives  
  78  5:33  Assimilator  
  78  5:39  Zealot  
  80  5:48  Pylon  
  80  5:53  Probe (Chrono Boost)  
  80  5:54  Probe (Chrono Boost)  
  82  5:57  Zealot  
  82  5:59  Stalker  
  82  6:03  Stalker  
  89  6:05  Probe x2 (Chrono Boost)  
  90  6:12  Pylon  
  90  6:13  Nexus  
  90  6:16  Zealot  
  92  6:20  High Templar  
  92  6:25  Sentry  
  96  6:30  Robotics Facility  
  96  6:36  Zealot  
  96  6:39  Pylon  
  98  6:42  Forge  
  98  6:46  Zealot  
  100  6:50  Stalker, Forge  
  102  6:54  Zealot  
  104  7:05  Pylon, Zealot  
  106  7:12  Stalker  
  106  7:13  Zealot  
  110  7:16  Observer  
  111  7:23  Stalker  
  111  7:29  Pylon  
  113  7:31  Zealot, Probe (Chrono Boost)  
  113  7:34  Probe (Chrono Boost)  
  113  7:35  Immortal  
  113  7:36  Sentry, Probe (Chrono Boost)  
  120  7:42  Probe (Chrono Boost)  
  125  7:45  Assimilator, Probe (Chrono Boost)  
  125  7:47  High Templar  
  129  7:52  Zealot, Probe (Chrono Boost)  
  129  7:53  Assimilator  
  129  7:55  Probe (Chrono Boost)  
  129  7:56  Probe (Chrono Boost)  
  133  8:02  Probe (Chrono Boost)  
  133  8:03  Pylon  
  133  8:04  Stalker  
  137  8:06  Probe (Chrono Boost)  
  137  8:10  Probe (Chrono Boost)  
  138  8:13  Zealot  
  138  8:14  Immortal  
  138  8:17  Probe (Chrono Boost)  
  138  8:18  Zealot  
  147  8:25  Probe (Chrono Boost)  
  149  8:28  Zealot, Probe (Chrono Boost)  
  149  8:30  Probe (Chrono Boost)  
  152  8:36  Zealot, Archon, Probe (Chrono Boost)  
  152  8:41  High Templar  
  157  8:54  Pylon  
  157  9:04  Archon  
  157  9:13  Zealot  
  157  9:15  Stalker  
  157  9:17  Zealot  
  127  9:24  Immortal  
  127  9:25  Pylon  
  127  9:31  High Templar  
  127  9:36  High Templar  
  127  9:38  Zealot  
  123  9:50  Pylon  
  105  9:56  Stalker  
  95  10:00  Immortal  
  95  10:05  Zealot  
  99  10:08  Zealot  
  101  10:18  Adept  
  103  10:23  Stalker  
  103  10:26  Archon  
  103  10:27  Pylon  
  105  10:29  High Templar  
  105  10:35  Warp Prism  
  107  10:38  Stalker  
  111  10:44  Stalker  
  111  10:48  Photon Cannon  
  113  10:57  Photon Cannon  
  113  10:59  High Templar  
  113  11:01  Zealot  
  117  11:06  Sentry  
  117  11:07  Warp Prism  
  117  11:09  Pylon  
  119  11:18  Gateway  
  121  11:22  Robotics Facility  
  121  11:24  Zealot  
  123  11:26  Zealot  
  123  11:27  Stargate  
  123  11:29  Archon  
  123  11:30  Zealot  
  127  11:35  Pylon  
  120  11:44  Adept  
  120  11:45  Stalker  
  117  11:50  Probe (Chrono Boost)  
  117  11:51  Stalker  
  117  11:53  Immortal, Forge  
  119  11:56  Probe (Chrono Boost)  
  119  12:01  Probe (Chrono Boost)  
  119  12:07  Probe (Chrono Boost)  
  117  12:09  Phoenix  
  117  12:11  Photon Cannon  
  117  12:12  Zealot  
  117  12:13  Probe (Chrono Boost)  
  111  12:17  Stalker  
  111  12:19  Zealot, Probe (Chrono Boost)  
  81  12:24  High Templar  
  81  12:27  Photon Cannon  
  77  12:33  Probe (Chrono Boost)  
  77  12:35  Zealot  
  68  12:38  Zealot  
  68  12:40  Adept, Phoenix  
  67  12:44  Immortal  
  67  12:45  Immortal  
  74  12:55  Sentry  
  72  12:59  Stalker  
  72  13:02  Stalker  
  72  13:05  Stalker  
  58  13:19  Sentry  
  53  13:22  Zealot  
  53  13:24  Probe (Chrono Boost)  
  53  13:25  Immortal  
  53  13:26  High Templar  
  58  13:29  High Templar  
  64  13:40  Assimilator  
  64  13:41  Adept  
  66  13:44  Zealot  
  66  13:45  Probe (Chrono Boost)  
  66  13:47  Observer  
  68  14:00  Sentry  
  68  14:01  Adept  
  70  14:03  Stalker  
  70  14:12  Stalker  
  72  14:21  Stalker  
  74  14:27  Stalker  
  76  14:35  Zealot  
  78  14:45  Stalker  
  80  14:56  Stalker  
  80  14:59  Nexus  
  82  15:01  Stalker  
  83  15:14  Stalker  
  85  15:20  Archon  
  85  15:23  Zealot  
  85  15:25  Zealot  
  85  15:27  High Templar  
  91  15:37  High Templar  
  91  15:42  Zealot  
  95  15:44  Zealot  
  97  15:54  Archon  
  97  15:58  High Templar  
  97  16:04  Zealot  
  101  16:06  High Templar  
  101  16:09  Zealot  
  105  16:16  Archon  
  101  16:24  High Templar  
  84  16:28  High Templar  
  84  16:32  Zealot  
  46  17:10  Archon  
  46  17:12  High Templar  
  48  17:19  High Templar  
  38  18:02  Archon  
  38  18:04  High Templar  
  40  18:11  High Templar  
  38  18:13  Zealot  
Show
View Real Time Build Order
Export as new Build Order

A.I. 8 (Elite) Terran - Winner!

Build Orders: Bio Tank 

Get SALT Encoding   

  12  0:01  SCV  
  13  0:13  SCV  
  14  0:20  Supply Depot  
  14  0:25  SCV  
  15  0:41  SCV  
  16  0:45  Barracks  
  16  0:53  SCV  
  17  1:05  SCV  
  18  1:17  SCV  
  19  1:19  Supply Depot  
  19  1:23  Refinery  
  19  1:30  SCV  
  20  1:33  Marine  
  21  1:42  SCV  
  22  1:50  Marine  
  22  1:53  Barracks  
  22  1:54  SCV  
  24  1:59  Refinery  
  24  2:05  Supply Depot  
  24  2:07  Orbital Command  
  24  2:08  Marine  
  25  2:26  Marine  
  26  2:33  SCV  
  27  2:44  Marine  
  27  2:45  SCV  
  27  2:49  Command Center  
  29  3:05  SCV  
  30  3:08  Factory, Marine  
  30  3:10  Marine  
  32  3:17  SCV  
  33  3:25  Marine  
  34  3:27  Marine  
  34  3:29  SCV  
  36  3:41  SCV  
  36  3:42  Barracks  
  36  3:46  Barracks Tech Lab  
  37  3:48  Barracks Tech Lab  
  37  3:53  SCV  
  37  3:54  Factory Tech Lab  
  38  4:00  SCV  
  39  4:05  Supply Depot  
  39  4:06  SCV  
  39  4:09  Marine  
  40  4:11  Marine  
  40  4:12  SCV  
  43  4:18  SCV  
  43  4:19  Stimpack  
  43  4:24  Siege Tank  
  47  4:25  SCV  
  47  4:29  Combat Shields  
  47  4:30  SCV  
  49  4:36  Marine  
  49  4:37  SCV  
  49  4:38  Marine  
  52  4:42  SCV  
  53  4:49  Orbital Command  
  53  4:54  Marauder  
  53  4:56  Marauder  
  53  4:59  Supply Depot  
  57  5:16  Marauder  
  57  5:19  Engineering Bay, Marauder  
  61  5:24  Command Center  
  61  5:37  Marauder  
  61  5:42  Supply Depot  
  65  5:43  Marauder  
  65  5:45  Terran Infantry Armor Level 1  
  65  5:53  Engineering Bay  
  65  5:54  Barracks Reactor  
  65  5:59  Marauder  
  65  6:03  Marine  
  68  6:08  Supply Depot  
  68  6:09  Siege Tank  
  71  6:20  Marauder  
  73  6:27  Marauder  
  73  6:30  Barracks  
  75  6:38  SCV  
  76  6:40  Supply Depot, SCV  
  76  6:41  Concussive Shells, Siege Tank, Marauder  
  76  6:44  SCV  
  83  6:47  Starport  
  83  6:50  SCV  
  83  6:53  SCV  
  85  7:05  Terran Infantry Weapons Level 1  
  85  7:07  Refinery, Orbital Command  
  85  7:13  Siege Tank  
  85  7:14  Missile Turret  
  88  7:16  Marine  
  88  7:19  Marine  
  88  7:20  Missile Turret  
  90  7:24  Starport Reactor  
  90  7:30  Refinery  
  90  7:33  SCV  
  90  7:34  Marauder  
  95  7:37  Marauder  
  95  7:43  Supply Depot  
  95  7:50  Siege Tank, Missile Turret  
  98  7:56  SCV  
  99  8:01  Medivac  
  99  8:03  Medivac  
  103  8:13  Missile Turret  
  103  8:16  Supply Depot  
  103  8:22  Widow Mine  
  105  8:32  Marauder  
  105  8:33  Marauder  
  109  8:46  Supply Depot  
  109  8:47  Viking  
  111  8:51  Siege Tank  
  111  8:53  Marauder  
  111  8:55  Marauder  
  118  9:14  Supply Depot  
  118  9:15  Marauder  
  118  9:16  Marauder  
  115  9:22  Marine  
  95  9:25  Marine  
  95  9:27  Marine  
  79  9:32  Liberator  
  79  9:33  Siege Tank  
  79  9:35  Marine  
  79  9:37  Liberator  
  79  9:38  Marauder  
  77  9:40  Marine  
  77  9:43  Marine  
  79  9:48  Marine  
  83  9:54  Marauder  
  83  9:59  Marauder  
  90  10:03  Marine  
  90  10:05  Hellion  
  90  10:06  Marine  
  94  10:09  Marine  
  95  10:15  Marine  
  95  10:20  Marine  
  97  10:22  Marine  
  97  10:26  Siege Tank  
  101  10:32  Viking  
  101  10:33  Marauder  
  105  10:37  Viking  
  105  10:38  Marauder  
  105  10:40  Missile Turret  
  109  10:54  Marauder  
  111  10:59  Hellion  
  111  11:00  Marauder  
  111  11:02  Medivac  
  117  11:07  Supply Depot  
  117  11:14  Medivac  
  117  11:16  Marauder  
  121  11:19  Widow Mine  
  121  11:21  Marauder  
  125  11:33  Medivac  
  125  11:36  Supply Depot  
  127  11:47  Factory  
  127  11:49  Hellion  
  127  11:50  Marauder  
  131  11:57  Marine  
  131  12:01  Marine  
  131  12:03  Marine  
  131  12:06  Marine, Starport  
  134  12:12  Marauder  
  134  12:15  Marauder  
  135  12:18  Siege Tank  
  135  12:19  Marine  
  129  12:28  Marine  
  121  12:31  Hellion  
  121  12:33  Marine  
  116  12:40  Marine  
  109  12:44  Starport Tech Lab  
  109  12:45  Marine  
  109  12:46  Marine  
  109  12:49  Marine  
  108  12:51  Marauder  
  108  12:53  Supply Depot, Factory Tech Lab  
  103  12:58  Marauder  
  100  13:06  Marine  
  100  13:10  Marine  
  100  13:12  Marauder  
  102  13:13  Marine  
  105  13:20  Marauder  
  105  13:26  Siege Tank  
  101  13:27  Armory  
  101  13:28  Marine  
  100  13:38  Armory  
  100  13:56  Hellion  
  100  14:01  Hellion  
  99  14:16  Terran Vehicle And Ship Armor Level 1  
  99  14:17  Siege Tank  
  99  14:20  Terran Infantry Weapons Level 2  
  99  14:23  Hellion  
  104  14:26  Terran Vehicle Weapons Level 1  
  104  14:28  Marauder  
  104  14:30  Marauder  
  108  14:44  Hellion  
  110  14:48  Medivac  
  110  14:50  Marauder  
  110  14:52  Marine, Marauder  
  117  14:55  Siege Tank  
  120  15:01  Raven  
  120  15:04  Widow Mine  
  124  15:11  Marauder  
  124  15:13  Marauder  
  127  15:26  Widow Mine  
  129  15:34  Siege Tank, Marauder  
  136  15:36  Marauder  
  136  16:01  Marine  
  130  17:04  Terran Infantry Weapons Level 3  
  130  18:08  Terran Vehicle Weapons Level 2  
  130  18:29  Medivac  
  132  18:55  Siege Tank  
  134  19:25  Raven  
Tags
 
Add a new tag
Caveats
  • Supply blocks, unpowered buildings, or Contaminate may cause inaccurate times.
  • Supply counts are checked every 10 seconds.